 Dungeon Crawl Stone Soup version 0.23.0-3-gf3c87f2 (webtiles) character file.

Game seed: 11962265594250729995

5007 HEYYEYAAE the Quickloader (level 10, -3/73 HPs)
             Began as an Octopode Hunter on Feb 24, 2019.
             Was a Believer of Okawaru.
             Slain by an unseen horror (10 damage)
             ... on level 9 of the Dungeon.
             The game lasted 00:10:19 (9349 turns).

HEYYEYAAE the Quickloader (Octopode Hunter)         Turns: 9349, Time: 00:10:20

Health: -3/73      AC:  1    Str: 15 (17) XL:     10   Next: 54%
Magic:  19/19      EV: 22    Int: 23 (25) God:    Okawaru [**....]
Gold:   486        SH:  0    Dex: 13 (15) Spells: 9/9 levels left

rFire    + + .     SeeInvis .   b - +2 dagger (freeze)
rCold    + . .     Gourm    .   (no shield)
rNeg     . . .     Faith    .   (helmet restricted)
rPois    +         Spirit   .   (no amulet)
rElec    +         Reflect  .   e - ring of flight
rCorr    +         Harm     .   w - +6 ring of intelligence
MR       .....                  y - ring of protection from fire
Stlth    +++.......             E - ring of magical power
HPRegen  0.22/turn              D - +4 ring of evasion
MPRegen  0.16/turn              (no ring)
                                (no ring)
                                (no ring)

@: confused, mighty, brilliant, resistant, hasted, very quick
A: almost no armour, stealthy swim, amphibious, 8 rings, constrict 8, camouflage
1, gelatinous body 1
a: Heroism, Renounce Religion, Evoke Flight


You were on level 9 of the Dungeon.
You worshipped Okawaru.
Okawaru was pleased with you.
You were not hungry.

You visited 2 branches of the dungeon, and saw 10 of its levels.

You collected 486 gold pieces.

Inventory:

Hand Weapons
 a - a +1 hand crossbow
 b - a +2 dagger of freezing (weapon)
 h - a +0 short sword
Missiles
 c - 23 bolts
Jewellery
 e - a ring of flight (left tentacle)
 g - an uncursed ring of ice
 q - an uncursed amulet of magic regeneration
 w - a +6 ring of intelligence (right tentacle)
 y - a ring of protection from fire (on tentacle)
 D - a +4 ring of evasion (on tentacle)
 E - a ring of magical power (on tentacle)
Wands
 m - a wand of clouds (1)
Scrolls
 f - 2 scrolls of amnesia
 j - 3 scrolls of blinking
 p - 4 scrolls of magic mapping
 r - 3 scrolls of fog
 t - a scroll of enchant armour
 u - 5 scrolls of teleportation
 x - a scroll of fear {unknown}
 z - 2 scrolls of random uselessness {unknown}
 C - a scroll of immolation {unknown}
Potions
 i - 2 potions of curing
 k - a potion of degeneration
 l - 2 potions of invisibility
 n - 2 potions of resistance
 s - 3 potions of brilliance
 A - a potion of haste
Comestibles
 d - 17 rations


   Skills:
 * Level 8.4 Fighting
 * Level 9.2 Crossbows
 * Level 8.4 Dodging
 + Level 8.3 Stealth


You had 9 spell levels left.
You didn't know any spells.
Your spell library was empty.

Dungeon Overview and Level Annotations

Branches:
Dungeon (9/15)             Temple (1/1) D:6
   Lair: D:8-11         Orc: D:9-12

Altars:
Ashenzari
Elyvilon
Kikubaaqudgha
Okawaru
Qazlal
Ru
Sif Muna
Trog
Uskayaw
Wu Jian
Xom
Yredelemnul
Zin

Shops:
D:4 *


Innate Abilities, Weirdness & Mutations

You cannot wear most types of armour.
You are very stealthy in the water. (Stealth+)
You are amphibious.
You can wear up to eight rings at the same time.
You can use your tentacles to constrict eight enemies at once.
Your skin changes colour to match your surroundings (Stealth+).
Your rubbery body absorbs attacks. (AC +1, EV +1)


Message History

It was a potion of might.
You feel very mighty all of a sudden. Something closely misses you. x2
It was a potion of brilliance.
You feel clever all of a sudden. Something hits you.
* * * LOW HITPOINT WARNING * * *
It was a potion of ambrosia.
You are confused.
You feel invigorated. Something closely misses you.
It was a potion of haste.
You feel yourself speed up. Something hits you!
* * * LOW HITPOINT WARNING * * *
Something misses you.
Wield which item (- for none, * to show all)? (? for menu, Esc to quit)
Your +2 dagger of freezing glows with a cold blue light!
b - a +2 dagger of freezing (weapon)
You are engulfed in freezing vapours.
You resist.
* * * LOW HITPOINT WARNING * * *
Something hits you!
You die...

...
............###).....
...
............(...#....)..
.#
..................(.....
##
.......................
# #.(.....§.............
##....○○§☼............
..#....°○§..............
#
.......○○☼°.........†...
.#
.......@...............)
..
................#.......
..
...............###......
..
................#.......
.
........#...............
.......###.............#
....... #...............
........................
...................>...


There were no monsters in sight!

Vanquished Creatures
  Pikel (D:5)
  A deep elf mage (D:9)
  A hornet (D:9)
  Menkaure (D:5)
  A water moccasin (D:4)
  A soldier ant (D:9)
  An orc warrior (D:7)
  4 phantoms
  3 ice beasts
  A sky beast (D:8)
  2 slaves (D:5)
  A necrophage (D:9)
  3 ogres
  3 centaurs
  2 big kobolds
  6 bullfrogs
  A wyvern zombie (D:9)
  A water moccasin skeleton (D:9)
  2 scorpions
  3 killer bees (D:8)
  4 wights (D:7)
  2 howler monkeys (D:6)
  2 crimson imps (D:8)
  4 bullfrog skeletons
  4 orc priests
  3 hounds
  2 jellies
  3 bullfrog zombies
  A centaur skeleton (D:5)
  6 orc wizards
  An iguana (D:6)
  Ijyb (D:3)
  5 worker ants
  A hound skeleton (D:4)
  7 gnolls
  7 adders
  2 shadow imps
  3 adder skeletons (D:4)
  4 worms
  2 dart slugs
  2 leopard geckos
  24 orcs
  5 giant cockroaches
  2 hobgoblins
  10 jackals
  16 kobolds
  A quokka (D:3)
  3 ball pythons
  5 bats
  4 frilled lizards
  3 goblins
  2 quokka skeletons
  4 rats
184 creatures vanquished.

Vanquished Creatures (others)
  A slave (D:5)
  A crimson imp (D:5)
  2 orc wizards (D:5)
  2 orcs (D:5)
  3 jackals (D:5)
9 creatures vanquished.

Grand Total: 193 creatures vanquished

Notes
Turn   | Place    | Note
-------+----------+-------------------------------------------
     0 | D:1      | HEYYEYAAE the Octopode Hunter began the quest for the Orb.
     0 | D:1      | Reached XP level 1. HP: 14/14 MP: 1/1
    92 | D:1      | Reached XP level 2. HP: 19/19 MP: 2/2
   734 | D:2      | Reached XP level 3. HP: 25/25 MP: 3/3
  1144 | D:2      | Reached XP level 4. HP: 30/30 MP: 4/4
  1530 | D:3      | Noticed Ijyb
  1565 | D:3      | Killed Ijyb
  1565 | D:3      | Reached XP level 5. HP: 34/36 MP: 5/5
  1825 | D:3      | Found a deep blue altar of Sif Muna.
  1965 | D:4      | Noticed an ogre
  1978 | D:4      | Killed an ogre
  1978 | D:4      | Reached skill level 5 in Crossbows
  1978 | D:4      | Reached XP level 6. HP: 20/43 MP: 6/6
  2167 | D:4      | Found Toadinaek's Serpentskin Sales.
  2167 | D:4      | Noticed a water moccasin
  2175 | D:4      | Killed a water moccasin
  2712 | D:4      | Reached XP level 7. HP: 28/48 MP: 7/7
  3336 | D:5      | Entered Level 5 of the Dungeon
  3387 | D:5      | Noticed Pikel
  3403 | D:5      | Killed Pikel
  3403 | D:5      | Reached skill level 5 in Fighting
  3403 | D:5      | Reached skill level 6 in Crossbows
  3403 | D:5      | Reached skill level 5 in Dodging
  3403 | D:5      | Reached XP level 8. HP: 27/55 MP: 8/8
  3610 | D:5      | Reached skill level 5 in Stealth
  3704 | D:5      | Noticed Menkaure
  3714 | D:5      | Killed Menkaure
  4215 | D:5      | Reached skill level 7 in Crossbows
  4729 | D:6      | Reached XP level 9. HP: 62/62 MP: 9/9
  4939 | D:6      | Found a staircase to the Ecumenical Temple.
  4978 | Temple   | Entered the Ecumenical Temple
  5094 | Temple   | Became a worshipper of Warmaster Okawaru
  5620 | D:7      | Reached * piety under Okawaru
  5986 | D:7      | HP: 3/64 [orc warrior/+0 trident (22)]
  6336 | D:7      | Reached skill level 8 in Crossbows
  7178 | D:8      | Reached ** piety under Okawaru
  7178 | D:8      | Reached XP level 10. HP: 71/71 MP: 10/10
  8617 | D:9      | Identified the cursed +0 leather armour "Deasasy" {rF++
                  | Str+3}
  8617 | D:9      | Noticed a deep elf mage
  8622 | D:9      | Reached skill level 9 in Crossbows
  8632 | D:9      | Killed a deep elf mage
  9349 | D:9      | Slain by an unseen horror

Skill      XL: |  1  2  3  4  5  6  7  8  9 10 |
---------------+-------------------------------+-----
Stealth        | 2 3 4 6 7 8 |  8.3
Fighting       | 3 4 5 6 7 8 |  8.4
Dodging        | 3 4 5 6 7 8 |  8.4
Crossbows      | 5 6 7 8 9 |  9.2

Action                   |  1- 3 |  4- 6 |  7- 9 | 10-12 || total
-------------------------+-------+-------+-------+-------++-------
Melee: Dagger            |    36 |   106 |   224 |    92 ||   458
       Constrict         |    14 |    19 |    46 |    18 ||    97
       Tentacles         |     8 |    12 |    59 |    16 ||    95
       Hand crossbow     |       |       |       |     1 ||     1
 Fire: Hand crossbow     |    25 |       |    41 |    64 ||   130
Evoke: Wand              |       |       |    35 |    12 ||    47
  Use: Scroll            |       |       |     8 |     1 ||     9
       Potion            |       |       |       |     9 ||     9
 Stab: Sleeping          |     5 |    13 |    14 |     6 ||    38
       Confused          |       |       |     1 |       ||     1
  Eat: Chunk             |       |     5 |    12 |       ||    17
       Ration            |       |       |     1 |     2 ||     3
Armor: Skin              |     3 |    14 |    10 |     3 ||    30
Dodge: Dodged            |    21 |    39 |   191 |   119 ||   370
